 Dungeon Crawl Stone Soup version 0.28.0-45-g0d030f2227 (webtiles) character file.

Game seed: 1005500158347225429

452974 sanka the Gelid (level 24, -28/210 HPs)
             Began as a Gnoll Monk on Apr 9, 2022.
             Was the Champion of Okawaru.
             Killed from afar by a yellow draconian annihilator (48 damage)
             ... with an iron shot
             ... on level 1 of the Realm of Zot on Apr 10, 2022.
             The game lasted 03:30:34 (68484 turns).

sanka the Gelid (Gnoll Monk)                       Turns: 68484, Time: 03:30:35

Health: -28/210    AC: 29    Str: 12    XL:     24   Next: 1%
Magic:  43/43      EV: 18    Int: 21    God:    Okawaru [******]
Gold:   3441       SH: 15    Dex: 14    Spells: 16/55 levels left

rFire   . . .      SeeInvis +   a - +9 double sword (vorpal)
rCold   + . .      Faith    .   P - +0 kite shield {AC+3}
rNeg    + + .      Spirit   .   U - +11 scale mail of Restlessness {+Blink}
rPois   +          Reflect  .   Z - +2 helmet
rElec   .          Harm     .   t - +2 cloak {rCorr}
rCorr   +          Rampage  .   o - +2 pair of gloves "Uwiemm" {Will++}
Will    +++..                   W - +2 pair of boots
Stlth   +++++++...              y - amulet of Vitality {Regen+ HP+15}
HPRegen 1.25/turn               c - +4 ring of slaying
MPRegen 0.28/turn               v - ring of Paranoia {rC+ rN++ Str-2 SInv}

@: heroic, corroded, studying 4 skills
A: fangs 1, strong nose, distributed training, clever 1, poison resistance
}: 3/15 runes: serpentine, barnacled, silver
a: Renounce Religion, Evoke Blink, Heroism, Finesse, Duel


You were on level 1 of the Realm of Zot.
You worshipped Okawaru.
Okawaru was exalted by your worship.
You visited 8 branches of the dungeon, and saw 42 of its levels.
You also visited: Sewer, Ossuary, Bailey and Ice Cave.

You collected 7205 gold pieces.
You spent 3764 gold pieces at shops.

Inventory:

Hand Weapons
 a - a +9 vorpal double sword (weapon)
 b - a +2 dagger of venom
 w - the +12 broad axe "Cotaxtan" {protect, Dex+4 SInv}
   (You took it off a vault guard on level 5 of the Vaults)

   It grants its wielder temporary protection when it strikes (+7 to AC).
   Dex:       It affects your dexterity (+4).
   SInv:      It lets you see invisible.
Missiles
 e - 63 poisoned darts (quivered)
 E - 12 throwing nets
Armour
 o - the +2 pair of gloves "Uwiemm" (worn) {Will++}
   (You found it on level 2 of the Dungeon)

   Will:      It greatly increases your willpower.
 t - a +2 cloak of preservation (worn)
 P - a +0 kite shield of protection (worn)
 U - the +11 scale mail of Restlessness (worn) {+Blink}
   (Okawaru gifted it to you on level 15 of the Dungeon)

   +Blink:    It lets you blink.
 W - a +2 pair of boots (worn)
 Z - a +2 helmet (worn)
Jewellery
 c - a +4 ring of slaying (left hand)
 i - a +4 ring of protection
 l - a ring of flight
 s - a +4 ring of slaying
 v - the ring of Paranoia (right hand) {rC+ rN++ Str-2 SInv}
   (You found it on level 11 of the Dungeon)

   [ring of protection from cold]

   Str:       It affects your strength (-2).
   rC:        It protects you from cold.
   rN:        It greatly protects you from negative energy.
   SInv:      It lets you see invisible.
 y - the amulet of Vitality (around neck) {Regen+ HP+15}
   (You bought it in a shop on level 2 of the Orcish Mines)

   [amulet of regeneration]

   HP:        It affects your health (+15).
   Regen:     It increases your rate of health regeneration.
 B - a ring of protection from fire
 C - a +4 ring of protection
 H - a ring of fire
 O - a ring of protection from cold
Wands
 h - a wand of acid (9)
 r - a wand of paralysis (14)
 A - a wand of polymorph (26)
 J - a wand of mindburst (28)
 Q - a wand of iceblast (15)
Scrolls
 g - 11 scrolls of fog
 k - 10 scrolls of teleportation
 m - 8 scrolls of fear
 p - a scroll of holy word
 D - a scroll of enchant armour
 L - a scroll of enchant weapon
 M - 7 scrolls of vulnerability
 N - 4 scrolls of magic mapping
 R - 3 scrolls of silence
 S - 6 scrolls of blinking
 T - a scroll of brand weapon
 V - 9 scrolls of amnesia
Potions
 d - 4 potions of magic
 f - 5 potions of berserk rage
 n - 14 potions of mutation
 q - 19 potions of curing
 u - 12 potions of heal wounds
 x - 10 potions of haste
 F - 3 potions of cancellation
 I - 5 potions of might
 K - 3 potions of ambrosia
 X - 7 potions of brilliance
 Y - 7 potions of attraction
Miscellaneous
 z - a condenser vane
 G - a piece from Xom's chessboard (15/15)


   Skills:
 + Level 17.2(22.2) Fighting
 + Level 16.0(21.0) Short Blades
 + Level 16.0(21.0) Long Blades
 + Level 16.0(21.0) Axes
 + Level 16.0(21.0) Maces & Flails
 + Level 16.0(21.0) Polearms
 + Level 16.0(21.0) Staves
 + Level 16.0(21.0) Slings
 + Level 16.0(21.0) Bows
 + Level 16.0(21.0) Crossbows
 + Level 16.0(21.0) Throwing
 + Level 16.0(21.0) Armour
 + Level 17.2(22.2) Dodging
 + Level 16.7(21.7) Stealth
 + Level 16.0(21.0) Shields
 + Level 17.2(22.2) Unarmed Combat
 + Level 16.0 Spellcasting
 + Level 13.6 Conjurations
 + Level 13.6 Hexes
 + Level 13.8 Summonings
 + Level 13.6 Necromancy
 + Level 13.6 Translocations
 + Level 13.6 Transmutations
 + Level 13.6 Fire Magic
 + Level 17.5 Ice Magic
 + Level 13.6 Air Magic
 + Level 13.6 Earth Magic
 + Level 13.8 Poison Magic
 + Level 17.4 Invocations
 + Level 16.0 Evocations


You had 16 spell levels left.
You knew the following spells:

 Your Spells              Type           Power      Damage    Failure   Level
a - Wereblood             Tmut           65%        N/A       1%          2
b - Stone Arrow           Conj/Erth      100%       3d13      1%          3
c - Passwall              Tmut/Erth      54%        N/A       1%          2
d - Passage of Golubria   Tloc           65%        N/A       1%          4
e - Sticky Flame          Conj/Fire      65%        2d8       1%          4
f - Blade Hands           Tmut           32%        N/A       1%          5
g - Irradiate             Conj/Tmut      32%        3d24      1%          5
h - Freezing Cloud        Conj/Ice/Air   34%        6-21      1%          5
i - Silence               Hex/Air        32%        N/A       1%          5
j - Dispel Undead         Necr           65%        3d22      1%          4

Your spell library contained the following spells:

 Spells                   Type           Power      Damage    Failure   Level
 Freeze                   Ice            100%       1d11      0%          1
 Beastly Appendage        Tmut           100%       N/A       1%          1
 Foxfire                  Conj/Fire      100%       2x1d9     1%          1
 Pain                     Necr           100%       1d9       1%          1
 Sandblast                Erth           100%       2d20      1%          1
 Corpse Rot               Necr/Air       100%       N/A       1%          2
 Ensorcelled Hibernation  Hex/Ice        100%       N/A       1%          2
 Sublimation of Blood     Necr           65%        N/A       1%          2
 Conjure Flame            Conj/Fire      65%        6-21      1%          3
 Ignite Poison            Fire/Tmut/Pois 65%        N/A       1%          3
 Inner Flame              Hex/Fire       65%        N/A       1%          3
 Mephitic Cloud           Conj/Pois/Air  65%        N/A       1%          3
 Portal Projectile        Hex/Tloc       100%       N/A       1%          3
 Spider Form              Tmut/Pois      65%        N/A       1%          3
 Vampiric Draining        Necr           65%        2d10      1%          3
 Anguish                  Hex/Necr       32%        N/A       1%          4
 Flame Wave               Conj/Fire      65%        2d12      1%          4
 Fulminant Prism          Conj/Hex       32%        3d16      1%          4
 Ice Form                 Ice/Tmut       70%        N/A       1%          4
 Iskenderun's Mystic Bla  Conj/Tloc      65%        2d13      1%          4
 Borgnjor's Vile Clutch   Necr/Erth      32%        N/A       1%          5
 Excruciating Wounds      Necr           32%        N/A       1%          5
 Iskenderun's Battlesphe  Conj           65%        2d11      1%          5
 Lee's Rapid Deconstruct  Erth           32%        3d18*     1%          5
 Yara's Violent Unravell  Hex/Tmut       32%        3d13      1%          5
 Iron Shot                Conj/Erth      32%        9d7       6%          6
 Lehudib's Crystal Spear  Conj/Erth      32%        10d8      95%         8
 Polar Vortex             Ice            37%        N/A       100%        9
 Animate Skeleton         Necr           Unusable   N/A       N/A         1
 Tukima's Dance           Hex            Unusable   N/A       N/A         3
 Animate Dead             Necr           Unusable   N/A       N/A         4
 Summon Ice Beast         Ice/Summ       Unusable   N/A       N/A         4
 Summon Mana Viper        Hex/Summ       Unusable   N/A       N/A         5
 Simulacrum               Ice/Necr       Unusable   N/A       N/A         6
 Death Channel            Necr           Unusable   N/A       N/A         6
 Monstrous Menagerie      Summ           Unusable   N/A       N/A         7
 Summon Hydra             Summ           Unusable   N/A       N/A         7

Dungeon Overview and Level Annotations

Branches:
Dungeon (15/15)            Temple (0/1) D:4            Lair (6/6) D:8
 Shoals (4/4) Lair:4        Snake (4/4) Lair:2        Slime (0/5) Lair:5
    Orc (2/2) D:12            Elf (0/3) Orc:2        Vaults (5/5) D:13
  Crypt (0/3) Vaults:3     Depths (4/4) D:15            Zot (2/5) Depths:4
  Sewer (visited)         Ossuary (visited)          Bailey (visited)
  IceCv (visited)

Altars:
Ashenzari
Cheibriados
Dithmenos
Elyvilon
Fedhas
Gozag
Kikubaaqudgha
Okawaru
Uskayaw
Vehumet
Wu Jian
Xom
Yredelemnul
Jiyva

Shops:
D:5 ([   D:6 [=   D:12 ![=!(   D:13 :   Orc:2 !?:=(   Shoals:1 [   Shoals:3 *
Snake:1 [!   Snake:3 *   Vaults:1 (   Vaults:2 *   Vaults:4 *   Depths:1 *
Depths:3 (

Portals:
Hell: Depths:1 Depths:2 Depths:3 Depths:4
Abyss: Depths:3
Pandemonium: Depths:1 Depths:2 Depths:4
Ziggurat: Depths:4

Annotations:
Orc:1 2 transporters, Voleoc's ghost, journeyman GrFi
Zot:1 1 transporter


Innate Abilities, Weirdness & Mutations

You have very sharp teeth.
Your uncanny sense of smell can sniff out nearby items.
Your experience applies equally to all skills.
Your mind is acute. (Int +2)
Your system is resistant to poisons. (rPois)


Message History

The glob of acid hits you! You resist. The acid corrodes you!
You block the red draconian's attack.
The yellow draconian annihilator spits acid at you.
The glob of acid hits you. You resist. The acid corrodes you!
You slice the yellow draconian annihilator!!
You kill the yellow draconian annihilator!
Okawaru accepts your kill. The yellow draconian spits acid at you.
The glob of acid hits you but does no damage.
The red draconian misses you.
Unknown command.
The yellow draconian annihilator casts a spell at you.
The crystal spear hits you!!!
* * * LOW HITPOINT WARNING * * *
The yellow draconian spits acid at you.
The glob of acid hits you but does no damage.
You block the red draconian's attack.
You slash the yellow draconian annihilator!
The yellow draconian annihilator is severely wounded.
The yellow draconian annihilator hits you with a +0 dagger.
* * * LOW HITPOINT WARNING * * *
You block the yellow draconian's attack.
Unknown command.
You slash the yellow draconian annihilator!
Your bite misses the yellow draconian annihilator.
The yellow draconian annihilator is almost dead.
The red draconian breathes fire at you. The searing blast hits you!
* * * LOW HITPOINT WARNING * * *
The yellow draconian annihilator spits acid at you.
You block the glob of acid.
You closely miss the yellow draconian annihilator.
The yellow draconian annihilator is almost dead.
The yellow draconian spits acid at you. You block the glob of acid.
The red draconian hits you with a +0 flail.
* * * LOW HITPOINT WARNING * * *
The yellow draconian annihilator points at you and mumbles some strange words.
The iron shot hits you!!!
You die...

##.......## #...# ## #..≈≈.≈#..#
#.q.## # #..≈#.≈≈..# #....# #
#....⌠....#####....## #
####..≈≈§#≈............## #
#.....#≈.≈≈..####.......## ##
#....)......#####........###}
#..≈≈.≈≈.#..###............#.
#..≈≈.#≈.##q@.)..............
#####....∩.)....dd...............
.......≈#[≈≈......###............
.......≈≈.≈≈...#### ##...........
................# ##..........
..........#≈.≈#.# #...........
.>....)...≈#.#≈.# #...........
................# #...####....
..........≈#.#≈.# #..## ###..


You could see a yellow draconian (catching breath), a red draconian and a yellow
draconian annihilator (catching breath).

Vanquished Creatures
  A dread lich (Depths:4)
  An ancient lich (Vaults:5)
  Mennas (Vaults:3)
  Saint Roka (Vaults:4)
  7 golden dragons
  2 electric golems (Zot:1)
  Jorgrun (Orc:2)
  10 tentacled monstrosities
  A titan (Vaults:5)
  3 liches
  3 quicksilver dragons
  Polyphemus (Shoals:2)
  2 shadow dragons (Vaults:5)
  5 tengu reavers
  2 storm dragons
  Donald (Orc:2)
  3 sphinxes
  8 fire giants
  5 nagarajas
  2 draconian monks (Depths:4)
  Ilsuiw (Shoals:2)
  4 iron dragons
  A deep elf sorcerer (Vaults:5)
  4 frost giants
  Louise (Shoals:4)
  14 vault wardens
  A balrug (Depths:1)
  A ghost moth (Zot:2)
  A juggernaut zombie (Depths:3)
  Aizul (Snake:3)
  A reaper (Depths:1)
  2 draconian annihilators (Zot:1)
  2 draconian stormcallers
  22 very ugly things
  13 ironbound preservers
  An ironbound thunderhulk (Vaults:2)
  A war gargoyle (Vaults:5)
  Nessos (Lair:6)
  13 stone giants
  4 vampire knights
  A black draconian (Zot:1)
  2 green draconians
  Azrael (Orc:2)
  A white draconian (Zot:1)
  3 entropy weavers (D:11)
  17 dire elephants
  2 yellow draconians (Zot:1)
  2 red draconians
  2 purple draconians (Depths:3)
  A deep elf annihilator (Vaults:5)
  4 spark wasps (Depths:2)
  2 deep elf demonologists (Vaults:5)
  4 merfolk javelineers (Shoals:4)
  Josephine (Lair:4)
  13 ettins
  2 deep elf death magi (Vaults:5)
  A crystal guardian (Vaults:1)
  12 yaktaur captains
  A deep elf high priest (Vaults:5)
  14 merfolk impalers
  6 fire dragons
  9 great orbs of eyes
  4 ice dragons
  2 boulder beetles
  33 vault guards
  17 naga warriors
  A peacekeeper (Vaults:1)
  A hell beast (Depths:1)
  7 hydras
  2 ogre magi (Vaults:5)
  8 salamander tyrants
  2 merfolk avatars
  A spriggan air mage (Depths:1)
  18 anacondas
  A catoblepas (Shoals:2)
  5 ironbound frosthearts
  3 merfolk aquamancers
  4 ghost crabs (D:11)
  11 centaur warriors
  6 tengu warriors
  10 two-headed ogres
  2 alligator snapping turtles
  3 satyrs
  11 deep troll shamans
  11 death yaks
  Urug (Lair:6)
  10 shock serpents
  A spectral dire elephant (Lair:6)
  12 naga sharpshooters
  10 deep troll earth magi
  4 orc high priests
  A spriggan berserker (Depths:4)
  2 hell knights
  3 soul eaters (Depths:1)
  Nergalle (Lair:1)
  A sun demon (Depths:1)
  2 sixfirhies
  9 iron trolls
  5 salamander mystics
  2 spectral death yaks (Lair:6)
  A skeletal warrior (D:13)
  4 fire crabs (D:11)
  14 sea snakes
  59 deep trolls
  An obsidian statue (Lair:6)
  A spectral anaconda (Lair:6)
  A kraken simulacrum (Shoals:4)
  3 flayed ghosts
  8 naga ritualists
  A sea snake (shapeshifter) (Vaults:4)
  3 glowing orange brains
  6 phantasmal warriors
  4 wizards
  9 lindwurms
  16 mana vipers
  18 harpies
  13 ironbound convokers
  6 orc knights
  5 necromancers
  2 cyclopes (shapeshifter) (Vaults:5)
  A tengu skeleton (Depths:3)
  23 salamanders
  2 deep elf pyromancers
  5 orc sorcerers
  32 ugly things
  20 manticores
  10 elephants (Lair:6)
  10 cyclopes
  18 fauns
  5 moths of wrath
  An apocalypse crab (D:11)
  A centaur zombie (D:10)
  41 black mambas
  11 merfolk sirens
  A smoke demon (Depths:1)
  4 water nymphs
  An eye of devastation (shapeshifter) (Vaults:4)
  18 vault sentinels
  2 gargoyles
  20 naga magi
  An ice statue (IceCv)
  3 komodo dragons
  9 cane toads
  9 guardian serpents
  The ghost of mandor the Ducker, a novice DjGl of Makhleb (D:5)
  A demonic crawler (Lair:2)
  A komodo dragon (shapeshifter) (Vaults:5)
  11 freezing wraiths
  A tormentor (Depths:4)
  35 yaktaurs
  3 tengu conjurers
  An anaconda simulacrum (IceCv)
  An entropy weaver simulacrum (IceCv)
  13 ice devils
  A hellwing (Depths:4)
  2 red devils
  31 merfolk
  A polar bear (Lair:1)
  A polar bear (shapeshifter) (Vaults:5)
  4 trolls
  A tarantella (shapeshifter) (Depths:2)
  A hornet (Lair:4)
  A shadow dragon simulacrum (Depths:3)
  9 dream sheep
  8 wind drakes
  A spectral elephant (Lair:6)
  7 snapping turtles
  13 blink frogs
  A frost giant simulacrum (Depths:3)
  23 slime creatures
  Sigmund (D:2)
  3 dire elephant simulacra
  14 water elementals
  35 yaks
  A wyvern (Lair:3)
  7 wraiths
  2 fire elementals (Orc:2)
  4 vampires
  A golden eye (shapeshifter) (D:15)
  A human (shapeshifter) (Vaults:5)
  5 basilisks
  5 redbacks (Vaults:5)
  2 chaos spawn
  2 neqoxecs (Depths:4)
  A steam dragon (D:8)
  5 vampire mosquitoes
  4 death yak simulacra
  6 wargs
  45 nagas
  3 spectral cane toads (Lair:6)
  3 swamp worms (Lair:2)
  2 harpy simulacra (IceCv)
  8 water moccasins
  3 acid dragons
  2 floating eyes
  3 hell hounds (Orc:2)
  2 ice beasts (D:7)
  3 elephant zombies (Lair:6)
  21 orc warriors
  10 ogres
  4 black bears
  4 boggarts (D:14)
  A centaur (shapeshifter) (D:14)
  10 wolves
  7 centaurs
  An elephant skeleton (Lair:6)
  4 kobold brigands
  A phantom (D:5)
  12 bullfrogs
  2 two-headed ogre simulacra (IceCv)
  8 cane toad simulacra
  3 scorpions
  3 water moccasin zombies
  A wyvern skeleton (D:3)
  6 killer bees
  3 wights
  9 elephant simulacra
  7 wolf zombies (Bailey)
  12 electric eels
  7 vampire bats (Bailey)
  2 lava snakes (Lair:6)
  A jelly (D:5)
  18 orc priests
  A gnoll shaman (D:9)
  2 hounds (D:5)
  Crazy Yiuf (D:2)
  A bullfrog skeleton (D:5)
  4 iguanas (D:7)
  17 orc wizards
  5 hell rats (Lair:2)
  5 wolf simulacra (IceCv)
  A killer bee zombie (D:6)
  2 mummies (Ossuary)
  Robin (D:2)
  16 gnolls
  3 howler monkey zombies
  A howler monkey skeleton (D:6)
  14 adders
  A river rat (Sewer)
  3 white imps
  3 ufetubi
  5 adder zombies (Ossuary)
  An adder skeleton (D:4)
  8 worms
  2 dart slugs
  66 orcs
  8 ball pythons
  11 endoplasms
  4 giant cockroaches
  2 gnoll zombies (Ossuary)
  14 hobgoblins
  7 jackals
  4 bats
  4 frilled lizards
  23 goblins
  A goblin zombie (D:8)
  8 hobgoblin zombies (Ossuary)
  31 kobolds
  5 kobold zombies (Ossuary)
  28 orc zombies
  5 rats
  A rat zombie (D:8)
1722 creatures vanquished.

Vanquished Creatures (others)
  A fire giant (Vaults:5)
  A draconian scorcher (Zot:1)
  A purple draconian (Zot:1)
  A wizard (Vaults:3)
  A water elemental (Shoals:2)
  An orc priest (Vaults:5)
  2 orcs (D:8)
  34 fungi
  175 plants
  4 tentacles (Shoals:4)
  4 toadstools (D:8)
  38 withered plants (Lair:6)
263 creatures vanquished.

Grand Total: 1985 creatures vanquished

Notes
Turn   | Place    | Note
-------+----------+-------------------------------------------
     0 | D:1      | sanka the Gnoll Monk began the quest for the Orb.
     0 | D:1      | Reached XP level 1. HP: 23/23 MP: 1/1
   157 | D:1      | Reached XP level 2. HP: 28/29 MP: 2/2
   331 | D:1      | Found a faded altar of an unknown god.
   442 | D:1      | Reached XP level 3. HP: 32/35 MP: 3/3
   873 | D:2      | Noticed Sigmund
   895 | D:1      | Reached skill level 1 in Invocations
   990 | D:2      | Killed Sigmund
   991 | D:2      | Reached skill level 1 in Short Blades
   991 | D:2      | Reached skill level 1 in Long Blades
   991 | D:2      | Reached skill level 1 in Axes
   991 | D:2      | Reached skill level 1 in Maces & Flails
   991 | D:2      | Reached skill level 1 in Polearms
   991 | D:2      | Reached skill level 1 in Staves
   991 | D:2      | Reached skill level 1 in Slings
   991 | D:2      | Reached skill level 1 in Bows
   991 | D:2      | Reached skill level 1 in Crossbows
   991 | D:2      | Reached skill level 1 in Throwing
   991 | D:2      | Reached skill level 1 in Armour
   991 | D:2      | Reached skill level 1 in Shields
   991 | D:2      | Reached skill level 1 in Spellcasting
   991 | D:2      | Reached skill level 1 in Conjurations
   991 | D:2      | Reached skill level 1 in Hexes
   991 | D:2      | Reached skill level 1 in Summonings
   991 | D:2      | Reached skill level 1 in Necromancy
   991 | D:2      | Reached skill level 1 in Translocations
   991 | D:2      | Reached skill level 1 in Transmutations
   991 | D:2      | Reached skill level 1 in Fire Magic
   991 | D:2      | Reached skill level 1 in Ice Magic
   991 | D:2      | Reached skill level 1 in Air Magic
   991 | D:2      | Reached skill level 1 in Earth Magic
   991 | D:2      | Reached skill level 1 in Poison Magic
   991 | D:2      | Reached skill level 1 in Evocations
   991 | D:2      | Reached XP level 4. HP: 41/41 MP: 4/6
   991 | D:2      | Reached XP level 5. HP: 47/47 MP: 4/7
  1025 | D:2      | Found a runed translucent door.
  1026 | D:2      | Noticed Crazy Yiuf
  1522 | D:2      | Reached XP level 6. HP: 53/53 MP: 8/8
  1706 | D:2      | Noticed Robin
  1822 | D:2      | Killed Robin
  2014 | D:2      | Identified the +2 pair of gloves "Uwiemm" {Will++}
  2243 | D:3      | Found a hide-covered altar of Uskayaw.
  2634 | D:3      | Found an iron altar of Okawaru.
  2690 | D:3      | Became a worshipper of Warmaster Okawaru
  2690 | D:3      | Reached * piety under Okawaru
  2690 | D:3      | Reached ** piety under Okawaru
  2932 | D:4      | Reached XP level 7. HP: 59/59 MP: 10/10
  3042 | D:4      | Found a staircase to the Ecumenical Temple.
  3388 | D:4      | Found a shimmering altar of Xom.
  3548 | D:5      | Entered Level 5 of the Dungeon
  3548 | D:5      | Found Rufezer's Weapon Shoppe.
  3578 | D:5      | Found an ancient bone altar of Kikubaaqudgha.
  3578 | D:5      | Found a snail-covered altar of Cheibriados.
  3650 | D:5      | Found Daopsuug's Antique Armour Emporium.
  3668 | D:5      | Bought a translucent leather armour for 175 gold pieces
  3668 | D:5      | Identified the +1 leather armour of the Mackerel {Int+2}
                  | (You bought it in a shop on level 5 of the Dungeon)
  3688 | D:5      | Found a glowing drain.
  3728 | Sewer    | Entered a sewer
  3874 | Sewer    | Reached skill level 5 in Stealth
  4108 | Sewer    | Gained mutation: Your system is resistant to poisons.
                  | (rPois) [potion of mutation]
  4108 | Sewer    | Gained mutation: Your mind is acute. (Int +2) [potion of
                  | mutation]
  4309 | D:5      | Reached XP level 8. HP: 51/67 MP: 9/12
  4702 | D:5      | Found a runed translucent gate.
  4702 | D:5      | Found a runed translucent gate.
  4702 | D:5      | Found a runed translucent gate.
  4704 | D:5      | Noticed mandor's ghost (novice DjGl)
  4761 | D:5      | Reached *** piety under Okawaru
  4907 | D:5      | Killed mandor's ghost
  5045 | D:6      | Reached XP level 9. HP: 50/73 MP: 11/14
  5383 | D:6      | Found Zoutekh's Jewellery Shoppe.
  5521 | D:6      | Found a blossoming altar of Fedhas.
  5582 | D:6      | Found Hadad-Baal's Dragon-Slaying Spoils.
  5777 | D:7      | Found a flagged portal.
  5969 | D:6      | Reached skill level 5 in Invocations
  5994 | D:6      | Reached **** piety under Okawaru
  6107 | Bailey   | Entered a bailey
  6183 | Bailey   | Noticed a gargoyle
  6212 | Bailey   | Killed a gargoyle
  6213 | Bailey   | Reached XP level 10. HP: 49/80 MP: 17/17
  6342 | Bailey   | Reached skill level 5 in Short Blades
  6342 | Bailey   | Reached skill level 5 in Long Blades
  6342 | Bailey   | Reached skill level 5 in Axes
  6342 | Bailey   | Reached skill level 5 in Maces & Flails
  6342 | Bailey   | Reached skill level 5 in Polearms
  6342 | Bailey   | Reached skill level 5 in Staves
  6342 | Bailey   | Reached skill level 5 in Slings
  6342 | Bailey   | Reached skill level 5 in Bows
  6342 | Bailey   | Reached skill level 5 in Crossbows
  6342 | Bailey   | Reached skill level 5 in Throwing
  6342 | Bailey   | Reached skill level 5 in Armour
  6342 | Bailey   | Reached skill level 5 in Shields
  6342 | Bailey   | Reached skill level 5 in Spellcasting
  6342 | Bailey   | Reached skill level 5 in Evocations
  7358 | D:8      | Noticed a two-headed ogre
  7367 | D:8      | Killed a two-headed ogre
  7367 | D:8      | Received a gift from Okawaru
  7448 | D:8      | Found a shadowy altar of Dithmenos.
  7715 | D:8      | Found a staircase to the Lair.
  7834 | D:8      | Found a sand-covered staircase.
  7841 | Ossuary  | Entered an ossuary
  8404 | D:5      | Bought a dazzling chain mail for 237 gold pieces
  8404 | D:5      | Identified the +1 chain mail "Quqen" {Rampage Will++
                  | Slay+5} (You bought it in a shop on level 5 of the Dungeon)
  8562 | D:9      | Noticed a tengu warrior
  8584 | D:9      | Reached ***** piety under Okawaru
  8596 | D:9      | Killed a tengu warrior
  8597 | D:9      | Reached XP level 11. HP: 36/87 MP: 19/19
  8712 | D:9      | Found an opulent altar of Gozag.
  8918 | D:9      | Found an opulent altar of Gozag.
  8925 | D:9      | Found an opulent altar of Gozag.
  8932 | D:9      | Found an opulent altar of Gozag.
  9271 | D:2      | Killed Crazy Yiuf
  9474 | D:10     | Entered Level 10 of the Dungeon
  9477 | D:10     | Noticed a two-headed ogre
  9486 | D:10     | Killed a two-headed ogre
  9487 | D:10     | Reached skill level 5 in Conjurations
  9487 | D:10     | Reached skill level 5 in Hexes
  9487 | D:10     | Reached skill level 5 in Summonings
  9487 | D:10     | Reached skill level 5 in Necromancy
  9487 | D:10     | Reached skill level 5 in Translocations
  9487 | D:10     | Reached skill level 5 in Transmutations
  9487 | D:10     | Reached skill level 5 in Fire Magic
  9487 | D:10     | Reached skill level 5 in Ice Magic
  9487 | D:10     | Reached skill level 5 in Air Magic
  9487 | D:10     | Reached skill level 5 in Earth Magic
  9487 | D:10     | Reached skill level 5 in Poison Magic
  9633 | D:10     | Learned a level 2 spell: Wereblood
  9662 | D:10     | Identified the +6 hand crossbow "Xienushu" {penet, rN+
                  | Will- Int+3} (Okawaru gifted it to you on level 10 of the
                  | Dungeon)
  9662 | D:10     | Received a gift from Okawaru
 10063 | D:11     | Noticed a cyclops
 10071 | D:11     | Killed a cyclops
 10072 | D:11     | Noticed a boulder beetle
 10210 | D:11     | Noticed a seven-headed hydra
 10261 | D:11     | Killed a boulder beetle
 10432 | D:11     | Received a gift from Okawaru
 10783 | D:11     | Killed a seven-headed hydra
 11085 | D:11     | Found a runed translucent door.
 11093 | D:11     | Noticed a fire crab
 11189 | D:11     | Killed a fire crab
 11190 | D:11     | Reached XP level 12. HP: 61/96 MP: 19/22
 11233 | D:11     | Noticed an entropy weaver
 11239 | D:11     | Received a gift from Okawaru
 11253 | D:11     | Killed an entropy weaver
 11532 | D:11     | Noticed an entropy weaver
 11566 | D:11     | Killed an entropy weaver
 11705 | D:11     | Noticed a ghost crab
 11719 | D:11     | Killed a ghost crab
 11745 | D:11     | Noticed a ghost crab
 11754 | D:11     | Killed a ghost crab
 11765 | D:11     | Noticed a ghost crab
 11768 | D:11     | Noticed a ghost crab
 11782 | D:11     | Killed a ghost crab
 11791 | D:11     | Killed a ghost crab
 11792 | D:11     | Reached skill level 10 in Fighting
 11792 | D:11     | Reached skill level 10 in Dodging
 11792 | D:11     | Reached skill level 10 in Unarmed Combat
 11878 | D:11     | Noticed an entropy weaver
 11908 | D:11     | Killed an entropy weaver
 12082 | D:11     | Identified the ring of Paranoia {rC+ rN++ Str-2 SInv}
 12278 | Lair:1   | Entered Level 1 of the Lair of Beasts
 12411 | Lair:1   | You fall into a shaft and drop 1 floor!
 12602 | Lair:1   | Noticed Nergalle
 12626 | Lair:1   | Killed Nergalle
 12793 | Lair:1   | Learned a level 3 spell: Stone Arrow
 12896 | Lair:1   | Noticed a seven-headed hydra
 12911 | Lair:1   | Killed a seven-headed hydra
 12912 | Lair:1   | Reached XP level 13. HP: 91/103 MP: 2/24
 13913 | Lair:2   | Received a gift from Okawaru
 14288 | Lair:2   | Found a staircase to the Snake Pit.
 14316 | Lair:2   | Received a gift from Okawaru
 14780 | Lair:3   | Learned a level 2 spell: Passwall
 15048 | Lair:3   | Identified the +4 barding of Terror {rF+ rC- rN+ Str+3}
 15492 | Lair:3   | Learned a level 4 spell: Passage of Golubria
 15497 | Lair:3   | Learned a level 4 spell: Sticky Flame
 16023 | Lair:4   | Found an ornate altar of the Wu Jian Council.
 16023 | Lair:4   | Found a hide-covered altar of Uskayaw.
 16041 | Lair:4   | Received a gift from Okawaru
 16221 | Lair:4   | Found a staircase to the Shoals.
 16275 | Lair:4   | Found a frozen archway.
 16308 | IceCv    | Entered an ice cave
 16349 | IceCv    | Received a gift from Okawaru
 16848 | IceCv    | Found an ancient bone altar of Kikubaaqudgha.
 17475 | IceCv    | Reached XP level 14. HP: 67/113 MP: 18/26
 18243 | Lair:4   | Noticed Josephine
 18276 | Lair:4   | Killed Josephine
 18285 | Lair:4   | Reached skill level 10 in Stealth
 18749 | Lair:5   | Found a viscous altar of Jiyva.
 18750 | Lair:5   | Found a staircase to the Slime Pits.
 19228 | Lair:4   | Received a gift from Okawaru
 19295 | Lair:4   | Reached skill level 10 in Invocations
 19794 | Lair:6   | Entered Level 6 of the Lair of Beasts
 19930 | Lair:6   | Noticed Nessos
 19944 | Lair:6   | Killed Nessos
 20481 | Lair:6   | Noticed a dire elephant
 20495 | Lair:6   | Noticed a dire elephant
 20703 | Lair:6   | Noticed a dire elephant
 20770 | Lair:6   | Received a gift from Okawaru
 21385 | Lair:6   | Received a gift from Okawaru
 21427 | Lair:6   | Noticed Urug
 21440 | Lair:6   | Killed Urug
 21904 | Lair:6   | Killed a dire elephant
 21949 | Lair:6   | Killed a dire elephant
 21949 | Lair:6   | Identified the +1 chain mail of the Solstice {rPois}
                  | (Okawaru gifted it to you on level 6 of the Lair of Beasts)
 21949 | Lair:6   | Received a gift from Okawaru
 21957 | Lair:6   | Killed a dire elephant
 21958 | Lair:6   | Reached XP level 15. HP: 102/120 MP: 1/28
 22495 | D:12     | Found Qor Naaru's Distillery.
 22498 | D:12     | Found Jaikhodo's Distillery.
 22500 | D:12     | Bought a potion of heal wounds for 85 gold pieces
 22500 | D:12     | Found Kakhu's Armour Shop.
 22502 | D:12     | Found a staircase to the Orcish Mines.
 22518 | D:12     | Bought a potion of might for 52 gold pieces
 22584 | D:12     | Found Uraomuov's Jewellery Emporium.
 22841 | D:12     | Learned a level 5 spell: Blade Hands
 22844 | D:12     | Found Aplomnu's Weapon Shop.
 23087 | Orc:1    | Entered Level 1 of the Orcish Mines
 23332 | Orc:2    | Entered Level 2 of the Orcish Mines
 23332 | Orc:2    | Noticed Jorgrun
 23416 | Orc:2    | Killed Jorgrun
 24017 | Orc:2    | Found a staircase to the Elven Halls.
 24035 | Orc:2    | Found Juusat's Weapon Emporium.
 24035 | Orc:2    | Noticed Azrael
 24057 | Orc:2    | Killed Azrael
 24058 | Orc:2    | Reached skill level 10 in Short Blades
 24058 | Orc:2    | Reached skill level 10 in Long Blades
 24058 | Orc:2    | Reached skill level 10 in Axes
 24058 | Orc:2    | Reached skill level 10 in Maces & Flails
 24058 | Orc:2    | Reached skill level 10 in Polearms
 24058 | Orc:2    | Reached skill level 10 in Staves
 24058 | Orc:2    | Reached skill level 10 in Slings
 24058 | Orc:2    | Reached skill level 10 in Bows
 24058 | Orc:2    | Reached skill level 10 in Crossbows
 24058 | Orc:2    | Reached skill level 10 in Throwing
 24058 | Orc:2    | Reached skill level 10 in Armour
 24058 | Orc:2    | Reached skill level 10 in Shields
 24058 | Orc:2    | Reached skill level 10 in Spellcasting
 24058 | Orc:2    | Reached skill level 10 in Evocations
 24492 | Orc:1    | Found a transporter.
 24498 | Orc:1    | Noticed Voleoc's ghost (journeyman GrFi)
 24504 | Orc:1    | Found a transporter.
 24508 | Orc:1    | Identified the +3 great mace of Viny Duty {vamp, *Rage
                  | Int+8 SInv}
 24884 | Orc:2    | Noticed Donald
 25198 | Orc:2    | Found Rampyut Koti's Magic Scroll Boutique.
 25198 | Orc:2    | Found Itsocs's Distillery.
 25200 | Orc:2    | Found Elenorex's Book Shoppe.
 25200 | Orc:2    | Found Jahy's Jewellery Boutique.
 25331 | Orc:2    | Bought the amulet of Vitality {Regen+ HP+15} for 1106 gold
                  | pieces
 25331 | Orc:2    | Found the amulet of Vitality {Regen+ HP+15}
 25331 | Orc:2    | Bought a +4 ring of protection for 504 gold pieces
 25421 | Orc:2    | Killed Donald
 26220 | D:13     | You fall into a shaft and drop 2 floors!
 26220 | D:15     | Entered Level 15 of the Dungeon
 26233 | D:15     | Identified the +11 scale mail of Restlessness {+Blink}
                  | (Okawaru gifted it to you on level 15 of the Dungeon)
 26233 | D:15     | Received a gift from Okawaru
 27119 | D:15     | Found a staircase to the Depths.
 27767 | D:14     | Reached skill level 10 in Ice Magic
 28395 | D:13     | Found Tacrocku's Book Shoppe.
 28521 | D:13     | Reached XP level 16. HP: 109/128 MP: 30/30
 28544 | D:13     | Identified the +9 dagger "Gram" {distort, Str+6}
 28555 | D:13     | Found a gate to the Vaults.
 29372 | Snake:1  | Entered Level 1 of the Snake Pit
 29618 | Snake:1  | Identified the +6 scale mail "Semugein" {-Tele Int+4 Dex+2}
 29634 | Snake:1  | Found Fuomy's Distillery.
 29718 | Snake:1  | Found Erghib's Antique Armour Shop.
 29735 | Snake:1  | Bought a pair of translucent boots for 342 gold pieces
 29735 | Snake:1  | Identified the +1 pair of boots of the Wasteland {rF-
                  | Will++ Dex+5} (You bought it in a shop on level 1 of the
                  | Snake Pit)
 29814 | Snake:1  | Received a gift from Okawaru
 30534 | Snake:1  | Received a gift from Okawaru
 30785 | Snake:1  | Identified the -4 cloak of Sophism {Dex+3} (Okawaru gifted
                  | it to you on level 1 of the Snake Pit)
 30785 | Snake:1  | Received a gift from Okawaru
 31000 | Snake:1  | Noticed a nagaraja
 31009 | Snake:1  | Killed a nagaraja
 32041 | Snake:2  | Received a gift from Okawaru
 32050 | Snake:2  | Reached XP level 17. HP: 96/136 MP: 32/32
 33614 | Snake:3  | Received a gift from Okawaru
 33979 | Snake:3  | Reached ****** piety under Okawaru
 33979 | Snake:3  | Identified the +2 troll leather armour of the Kangaroo
                  | {Rampage rElec rN+++ Regen+ Int-4} (Okawaru gifted it to
                  | you on level 3 of the Snake Pit)
 33979 | Snake:3  | Received a gift from Okawaru
 34352 | Snake:3  | Noticed Aizul
 34363 | Snake:3  | Killed Aizul
 34883 | Snake:3  | Reached skill level 10 in Conjurations
 34883 | Snake:3  | Reached skill level 10 in Hexes
 34883 | Snake:3  | Reached skill level 10 in Summonings
 34883 | Snake:3  | Reached skill level 10 in Necromancy
 34883 | Snake:3  | Reached skill level 10 in Translocations
 34883 | Snake:3  | Reached skill level 10 in Transmutations
 34883 | Snake:3  | Reached skill level 10 in Fire Magic
 34883 | Snake:3  | Reached skill level 10 in Air Magic
 34883 | Snake:3  | Reached skill level 10 in Earth Magic
 34883 | Snake:3  | Reached skill level 10 in Poison Magic
 35131 | Snake:3  | Found Barefr Haest's CLEARANCE SALE!.
 35273 | Snake:3  | Bought a +2 helmet for 66 gold pieces
 35300 | Snake:3  | Found a white marble altar of Elyvilon.
 35543 | Snake:4  | Entered Level 4 of the Snake Pit
 36582 | Snake:4  | Reached XP level 18. HP: 144/144 MP: 34/34
 36833 | Snake:4  | Received a gift from Okawaru
 37981 | Snake:4  | Noticed a quicksilver dragon
 37983 | Snake:4  | Noticed a quicksilver dragon
 38234 | Snake:4  | Got a serpentine rune of Zot
 38265 | Snake:4  | Killed a quicksilver dragon
 38265 | Snake:4  | Received a gift from Okawaru
 38281 | Snake:4  | Killed a quicksilver dragon
 38547 | D:6      | Bought a ring of flight for 175 gold pieces
 38708 | Shoals:1 | Entered Level 1 of the Shoals
 39046 | Shoals:1 | Identified the +0 chain mail of Peiph {Int+3}
 39098 | Shoals:1 | Found Xeorefoe's Armour Emporium.
 40221 | Shoals:2 | Received a gift from Okawaru
 40527 | Shoals:2 | Noticed Polyphemus
 40554 | Shoals:2 | Killed Polyphemus
 41688 | Shoals:3 | Identified the +3 chain mail of Gallantry {rF++} (Okawaru
                  | gifted it to you on level 3 of the Shoals)
 41688 | Shoals:3 | Received a gift from Okawaru
 41933 | Shoals:3 | Noticed Ilsuiw
 42094 | Shoals:2 | Killed Ilsuiw
 42745 | Shoals:3 | Found Juggooch's Assorted Antiques.
 42923 | Snake:3  | Bought a potion of heal wounds for 20 gold pieces
 42923 | Snake:3  | Bought a potion of curing for 12 gold pieces
 42972 | Snake:1  | Bought a potion of heal wounds for 50 gold pieces
 42972 | Snake:1  | Bought a potion of heal wounds for 50 gold pieces
 43140 | D:13     | Bought the Almanac of Attacks for 598 gold pieces
 43146 | D:13     | Learned a level 5 spell: Irradiate
 43152 | D:13     | Learned a level 5 spell: Freezing Cloud
 44302 | Shoals:4 | Entered Level 4 of the Shoals
 44315 | Shoals:4 | Reached XP level 19. HP: 131/152 MP: 33/35
 44534 | Shoals:4 | Identified the +7 rapier of Evviegui {vorpal, Int+4 SInv}
 44668 | Shoals:4 | Identified the ring of Ishreph {Ice *Slow Int+4 Stlth+}
 44885 | Shoals:4 | Noticed Louise
 44897 | Shoals:4 | Killed Louise
 45842 | Shoals:4 | Received a gift from Okawaru
 46460 | Shoals:4 | Identified the +7 demon whip of the Lettuce {drain, rN+
                  | Int+4}
 46681 | Shoals:4 | Got a barnacled rune of Zot
 46996 | Vaults:1 | Entered Level 1 of the Vaults
 47167 | Vaults:1 | Received a gift from Okawaru
 47212 | Vaults:1 | HP: 1/168 [vault guard/+0 great sword[a vault warden] (18)]
 47221 | Vaults:1 | Received a gift from Okawaru
 47526 | Vaults:1 | Received a gift from Okawaru
 47760 | Vaults:1 | Found Etsuz's Weapon Boutique.
 48073 | Vaults:1 | Reached XP level 20. HP: 161/161 MP: 37/37
 48730 | Vaults:1 | Learned a level 5 spell: Silence
 48861 | Vaults:2 | Received a gift from Okawaru
 49111 | Vaults:2 | Reached skill level 15 in Fighting
 49111 | Vaults:2 | Reached skill level 15 in Dodging
 49111 | Vaults:2 | Reached skill level 15 in Unarmed Combat
 50250 | Vaults:2 | Found Hufuib's General Store.
 51156 | Vaults:3 | Received a gift from Okawaru
 51336 | Vaults:3 | Reached skill level 15 in Invocations
 51465 | Vaults:3 | Noticed Mennas
 51535 | Vaults:3 | Found a staircase to the Crypt.
 51535 | Vaults:3 | Found an ancient bone altar of Kikubaaqudgha.
 51536 | Vaults:3 | Found a basalt altar of Yredelemnul.
 51580 | Vaults:3 | Killed Mennas
 51795 | Vaults:2 | Received a gift from Okawaru
 52996 | Vaults:3 | Received a gift from Okawaru
 53164 | Vaults:3 | Found a staircase to the Crypt.
 53164 | Vaults:3 | Found a basalt altar of Yredelemnul.
 53165 | Vaults:3 | Found an ancient bone altar of Kikubaaqudgha.
 54537 | Vaults:4 | Received a gift from Okawaru
 54633 | Vaults:4 | Reached skill level 15 in Ice Magic
 54864 | Vaults:4 | Received a gift from Okawaru
 54865 | Vaults:4 | Reached XP level 21. HP: 145/169 MP: 37/39
 55089 | Vaults:4 | Noticed Saint Roka
 55105 | Vaults:4 | Killed Saint Roka
 55105 | Vaults:4 | Received a gift from Okawaru
 55434 | Vaults:4 | Found Qaiddiwy's Assorted Antiques.
 55801 | Vaults:4 | Learned a level 4 spell: Dispel Undead
 55985 | Depths:1 | Entered Level 1 of the Depths
 55988 | Depths:1 | Found a broken altar of Ashenzari.
 56434 | Depths:1 | Found a radiant altar of Vehumet.
 56575 | Depths:1 | Reached skill level 15 in Stealth
 56945 | Depths:1 | Found a gateway to Hell.
 56958 | Depths:1 | Received a gift from Okawaru
 57004 | Depths:1 | Found Ymotrott's Assorted Antiques.
 57013 | Depths:1 | Identified a scroll of acquirement
 57360 | Depths:1 | Found a one-way gate leading to the halls of Pandemonium.
 57559 | Depths:1 | Acquired 850 gold pieces
 57765 | Orc:2    | Bought 3 scrolls of enchant weapon for 292 gold pieces
 58120 | Depths:2 | Received a gift from Okawaru
 58252 | Depths:2 | Paralysed by a floating eye for 3 turns
 58406 | Depths:2 | Received a gift from Okawaru
 58503 | Depths:2 | Received a gift from Okawaru
 58593 | Depths:2 | Received a gift from Okawaru
 58750 | Depths:2 | Received a gift from Okawaru
 59066 | Depths:1 | Identified the +2 shadow dragon scales "Xechuu Viagh"
                  | {Drain Fly Int+5 Slay+5 Stlth++++} (Okawaru gifted it to
                  | you on level 1 of the Depths)
 59066 | Depths:1 | Received a gift from Okawaru
 59288 | Depths:1 | Reached XP level 22. HP: 146/178 MP: 40/40
 60590 | Depths:2 | Reached skill level 15 in Short Blades
 60590 | Depths:2 | Reached skill level 15 in Long Blades
 60590 | Depths:2 | Reached skill level 15 in Axes
 60590 | Depths:2 | Reached skill level 15 in Maces & Flails
 60590 | Depths:2 | Reached skill level 15 in Polearms
 60590 | Depths:2 | Reached skill level 15 in Staves
 60590 | Depths:2 | Reached skill level 15 in Slings
 60590 | Depths:2 | Reached skill level 15 in Bows
 60590 | Depths:2 | Reached skill level 15 in Crossbows
 60590 | Depths:2 | Reached skill level 15 in Throwing
 60590 | Depths:2 | Reached skill level 15 in Armour
 60590 | Depths:2 | Reached skill level 15 in Shields
 60590 | Depths:2 | Reached skill level 15 in Spellcasting
 60590 | Depths:2 | Reached skill level 15 in Evocations
 61053 | Depths:3 | Found a one-way gate to the infinite horrors of the Abyss.
 61258 | Depths:3 | Found Veborago's Weapon Shoppe.
 61516 | Depths:4 | Entered Level 4 of the Depths
 61560 | Depths:4 | Noticed a golden dragon
 61603 | Depths:4 | Killed a golden dragon
 61799 | Depths:3 | Received a gift from Okawaru
 61989 | Depths:4 | Noticed a golden dragon
 62008 | Depths:4 | Killed a golden dragon
 62008 | Depths:4 | Received a gift from Okawaru
 62692 | Depths:4 | Found a one-way gateway to a ziggurat.
 62693 | Depths:4 | Noticed a dread lich
 62739 | Depths:4 | Killed a dread lich
 62739 | Depths:4 | Received a gift from Okawaru
 62982 | Depths:4 | Noticed a golden dragon
 62986 | Depths:4 | Noticed a golden dragon
 62999 | Depths:4 | Killed a golden dragon
 63009 | Depths:4 | Killed a golden dragon
 63150 | Depths:4 | Received a gift from Okawaru
 63260 | Depths:4 | Found a gate to the Realm of Zot.
 63576 | Vaults:5 | Entered Level 5 of the Vaults
 63890 | Vaults:5 | Reached XP level 23. HP: 149/177 MP: 42/42
 63955 | Vaults:5 | Noticed an ancient lich
 63965 | Vaults:5 | Killed an ancient lich
 64119 | Vaults:5 | Received a gift from Okawaru
 64190 | Vaults:5 | Identified the +3 hunting sling of Pesosik {vorpal, Str+4}
 64397 | Vaults:5 | Identified the +0 pair of boots "Sill" {rElec rPois rC-
                  | Dex-5} (Okawaru gifted it to you on level 5 of the Vaults)
 64397 | Vaults:5 | Received a gift from Okawaru
 64585 | Vaults:5 | Identified the +11 shortbow "Caezo Jaz" {flame, rPois
                  | Dex+4}
 64614 | Vaults:5 | Got a silver rune of Zot
 65210 | Vaults:5 | Identified the amulet "Dieggoa" {Spirit Will+ Str-2 Int+5}
 65217 | Vaults:5 | Noticed a golden dragon
 65260 | Vaults:5 | Killed a golden dragon
 65758 | Vaults:5 | Identified the +12 broad axe "Cotaxtan" {protect, Dex+4
                  | SInv}
 65895 | Vaults:5 | Found the +0 pair of fencer's gloves {Riposte Dex+3}
 66175 | Vaults:5 | Got Sif Muna's Volume of Icy Stolen Souls
 66346 | Vaults:5 | Received a gift from Okawaru
 66917 | Zot:1    | Entered Level 1 of the Realm of Zot
 67647 | Zot:1    | Found the +1 cloak of Starlight {*Dazzle EV+4 Stlth--}
 67749 | Zot:1    | You fall into a shaft and drop 1 floor!
 67749 | Zot:2    | Noticed a golden dragon
 67783 | Zot:2    | Killed a golden dragon
 68055 | Zot:1    | Received a gift from Okawaru
 68299 | Zot:1    | Noticed an ancient lich
 68301 | Zot:1    | Found a transporter.
 68308 | Zot:1    | Noticed a curse toe
 68331 | Zot:1    | Noticed a golden dragon
 68355 | Zot:1    | Killed a golden dragon
 68461 | Zot:1    | Reached XP level 24. HP: 167/195 MP: 42/43
 68484 | Zot:1    | Killed from afar by a yellow draconian annihilator

Illustrated notes

Levels and vault maps discovered:
D:1:      dpeg_arrival_stonehenge_8_columns, layout_loops_ring,
          hellmonk_ecumenical_altar_crossroads
D:2:      minmay_evil_eye, layout_basic, minmay_liquid_box,
          minmay_goblin_outpost, uniq_crazy_yiuf_cottage, uniq_robin,
          uniq_sigmund
D:3:      layout_loops_ring, mainiacjoe_overflow_concentric_impassable,
          mainiacjoe_overflow_chevrons
D:4:      layout_rooms, lemuel_round_altar, minmay_temple_entry_from_below_a
D:5:      layout_basic, gammafunk_temple_overflow_elements,
          gammafunk_ghost_nasty_kobolds, serial_shops, nicolae_diamond_shop,
          nicolae_shop_hallway_stairs, portal_sewer_entry_a, st_stairs_2,
          grunt_decor_arrowhead
D:6:      layout_basic, fedhas_altar_4, serial_shops, nicolae_shop_behind_doors,
          chequers_avenue, nicolae_shop_dragon_depot
D:7:      layout_basic, enter_bailey_5
D:8:      layout_layer_cave, marbit_many_paths, enter_ossuary_4,
          minmay_gold_behind_fungi
D:9:      layout_cave_pools, nicolae_gozag_conspicuous_consumption,
          corexii_hall_statues_i
D:10:     layout_big_octagon
D:11:     gammafunk_mikee_crab_dinner, layout_basic, minivault_22
D:12:     layout_roguey, orc_david_3, serial_shops, nicolae_take_the_stairs,
          shop, nicolae_square_shop, kennysheep_mini_moat,
          nrook_guardian_serpent_double
D:13:     layout_basic, lightli_vaults_fourway_checkpoint, serial_shops, shop,
          serial_co_window_serial, co_window_paths_a, co_window_paths_a,
          co_window_paths_a, co_window_corner_a, co_window_corner_a,
          co_window_of_opportunity_a, co_window_corner_b,
          co_window_of_opportunity_b, co_window_2corner, co_window_broadway_b,
          glass_columns_b, glass_columns_a, glass_columns_a, glass_columns_b
D:14:     layout_stronghold, minivault_27
D:15:     grunt_enter_depths_hoard, layout_irregular_city,
          minmay_misc_feat_roman
Lair:1:   layout_chaotic_city, uniq_nergalle
Lair:2:   layout_long_grid, guppyfry_snake_entry_island, worms_lemuel,
          lemuel_fruit_fields
Lair:3:   layout_gridlike, minivault_23, cheibrodos_lair_caveside_slide
Lair:4:   layout_regular_city, minmay_shoals_entry_lonely_mermaid,
          portal_ice_cave_demonic_guard, nzn_masters_of_martial_movement,
          grunt_megastairs_4, infiniplex_staircase_pool, uniq_josephine
Lair:5:   layout_loops_ring, dpeg_slime_entry_enclosed_altar, minivault_23
Lair:6:   due_jungle_book, layout_layer_cave, nicolae_lair_grove_arrangements,
          nicolae_quartered_pool_little, nicolae_lair_liquid_snakes,
          uniq_nessos, uniq_urug
Shoals:1: layout_shoals, serial_shops, shop
Shoals:2: layout_shoals, uniq_polyphemus
Shoals:3: layout_shoals, serial_shops, shop, uniq_ilsuiw
Shoals:4: shoals_end_grunt_ice, layout_shoals, uniq_louise
Snake:1:  layout_cave_shapes, nicolae_snake_scaly_snakehead, minmay_shop_star
Snake:2:  layout_chambers, st_stairs_6, nicolae_snake_snakes_in_the_grass
Snake:3:  layout_grid_shapes, basic_altar, nicolae_shop_clearance,
          serial_bayou_shore_a, uniq_aizul
Snake:4:  hellmonk_snake_rune_quicksilver_temple, layout_gridlike,
          grunt_megastairs_5
Orc:1:    layout_diamond_mine, gammafunk_ghost_smash
Orc:2:    grunt_orc_tribal_feast, layout_caves, serial_shops, shop_fountains,
          uniq_donald, uniq_azrael, uniq_jorgrun
Vaults:1: hangedman_vaults_restitches, nicolae_vaults_network_quinsquares
          [nicolae_vaults_network_quincunx_subvault,
          nicolae_vaults_network_quincunx_subvault,
          nicolae_vaults_network_quincunx_subvault,
          nicolae_vaults_network_quincunx_subvault],
          vaults_standard_mumra_lines, nicolae_vaults_little_squares_3,
          nicolae_vaults_diagonal_hallway_6, vaults_room_grunt_arrival_ludios,
          nicolae_vaults_rhombus_6, hangedman_vaults_nails,
          nicolae_vaults_theta, hangedman_vaults_capsules,
          layout_vaults_big_cross, serial_shops, nicolae_shop_hallway_stairs
Vaults:2: vaults_room_ringed_pool, ontoclasm_vaults_ring_square,
          ontoclasm_vaults_eye, ontoclasm_vaults_loading_screen,
          nicolae_vaults_little_squares_2, ontoclasm_vaults_decontamination,
          nicolae_vaults_border_crossing, layout_vaults_omnigrid, serial_shops,
          nicolae_lakefront_shop
Vaults:3: v_alt_pattern_2, vaults_room_pool, vaults_standard_mumra_x,
          minmay_crypt_entry_necro_gods, v_misc_25, vaults_dpeg_hooks,
          dpeg_vaults_monster_row, v_rooms_1, vaults_dpeg_encased_lava,
          vaults_dpeg_diagonal, nicolae_vaults_little_squares_6,
          nicolae_vaults_alarming, vaults_room_stairs_pillars, vaults_room_pool,
          vaults_dpeg_ring, layout_vaults_chaotic_city, uniq_mennas
Vaults:4: ontoclasm_vaults_misaligned, v_misc_3, ontoclasm_vaults_misaligned,
          nicolae_vaults_asterisk, kb_rosetta, vaults_dpeg_doors, v_misc_24,
          vaults_mumra_chevron, nicolae_vaults_inception_statues, v_misc_25,
          v_rooms_4, nicolae_vaults_yaktaur_gun_rack, vaults_mumra_lcd,
          nicolae_vaults_mini_display_case, v_misc_23, layout_vaults_omnibox,
          serial_shops, nicolae_shop_hallway_stairs, uniq_saint_roka
Vaults:5
Depths:1: layout_honeycomb, grunt_mini_vestibule, serial_shops,
          nicolae_shop_temple_entry_statues_fountains,
          grunt_pan_entry_in_and_out, nicolae_ashenzari_panopticon,
          nicolae_vehumet_altar_sigil
Depths:2: nzn_winding_woodlands_medium [nzn_winding_woodlands_5x5_three,
          nzn_winding_woodlands_5x15_zeroes, nzn_winding_woodlands_hourglass,
          nzn_winding_woodlands_5x5_default, nzn_winding_woodlands_center_lodge,
          nzn_winding_woodlands_5x5_closed_star,
          nzn_winding_woodlands_5x5_cross,
          nzn_winding_woodlands_5x15_sidewinder,
          nzn_winding_woodlands_5x5_default], layout_gridlike,
          grunt_hell_entry_dis_grunt, pan_entry, minmay_crystal_water
Depths:3: kennysheep_ogre_elephant_herders, layout_cave_shapes,
          serial_column_ruins, column_ruins_circle_large,
          column_ruins_corridor_straight, column_ruins_corridor_plus,
          column_ruins_open_small, column_ruins_open_tiny,
          column_ruins_open_medium, column_ruins_grid_1, column_ruins_grid_1,
          serial_shops, nicolae_shop_hallway_plus, abyss_entry_glasseish,
          hangedman_decor_growths, pan_entry, hell_entry
Depths:4: evilmike_zot_entry_hall, layout_cave_shapes, enter_ziggurat_d,
          minmay_misc_feat_diagonals, grunt_pan_entry_zigzag, hell_entry,
          item_on_display_b
Zot:1:    layout_cathedral_of_symmetry, gammafunk_ghost_mausoleum,
          lemuel_baited_zot_trap, hangedman_zot_decor_checkerboard,
          hangedman_zot_decor_unnerving_road
Zot:2:    hellmonk_paralyzer, layout_onion_interference, skrybe_zot_glass_2

Skill      XL: |  1  2  3  4  5  6  7  8  9 10 11 12 13 14 15 16 17 18 19 20 21 22 23 |
---------------+----------------------------------------------------------------------+-----
Invocations    | 1 2 3 4 5 6 7 8 9 10 11 12 13 14 15 16 17 | 17.4
Short Blades   | 1 2 3 4 5 6 7 8 9 10 11 12 13 14 15 16 | 16.0
Long Blades    | 1 2 3 4 5 6 7 8 9 10 11 12 13 14 15 16 | 16.0
Axes           | 1 2 3 4 5 6 7 8 9 10 11 12 13 14 15 16 | 16.0
Maces & Flails | 1 2 3 4 5 6 7 8 9 10 11 12 13 14 15 16 | 16.0
Polearms       | 1 2 3 4 5 6 7 8 9 10 11 12 13 14 15 16 | 16.0
Staves         | 1 2 3 4 5 6 7 8 9 10 11 12 13 14 15 16 | 16.0
Slings         | 1 2 3 4 5 6 7 8 9 10 11 12 13 14 15 16 | 16.0
Bows           | 1 2 3 4 5 6 7 8 9 10 11 12 13 14 15 16 | 16.0
Crossbows      | 1 2 3 4 5 6 7 8 9 10 11 12 13 14 15 16 | 16.0
Throwing       | 1 2 3 4 5 6 7 8 9 10 11 12 13 14 15 16 | 16.0
Armour         | 1 2 3 4 5 6 7 8 9 10 11 12 13 14 15 16 | 16.0
Shields        | 1 2 3 4 5 6 7 8 9 10 11 12 13 14 15 16 | 16.0
Spellcasting   | 1 2 3 4 5 6 7 8 9 10 11 12 13 14 15 16 | 16.0
Conjurations   | 1 2 3 4 5 6 7 8 9 10 11 12 13 | 13.6
Hexes          | 1 2 3 4 5 6 7 8 9 10 11 12 13 | 13.6
Summonings     | 1 2 3 4 5 6 7 8 9 10 11 12 13 | 13.8
Necromancy     | 1 2 3 4 5 6 7 8 9 10 11 12 13 | 13.6
Translocations | 1 2 3 4 5 6 7 8 9 10 11 12 13 | 13.6
Transmutations | 1 2 3 4 5 6 7 8 9 10 11 12 13 | 13.6
Fire Magic     | 1 2 3 4 5 6 7 8 9 10 11 12 13 | 13.6
Ice Magic      | 1 2 3 4 5 6 7 8 10 11 12 13 14 15 16 17 | 17.5
Air Magic      | 1 2 3 4 5 6 7 8 9 10 11 12 13 | 13.6
Earth Magic    | 1 2 3 4 5 6 7 8 9 10 11 12 13 | 13.6
Poison Magic   | 1 2 3 4 5 6 7 8 9 10 11 12 13 | 13.8
Evocations     | 1 2 3 4 5 6 7 8 9 10 11 12 13 14 15 16 | 16.0
Fighting       | 7 8 9 10 11 12 13 14 15 16 17 | 17.2
Dodging        | 7 8 9 10 11 12 13 14 15 16 17 | 17.2
Unarmed Combat | 7 8 9 10 11 12 13 14 15 16 17 | 17.2
Stealth        | 5 6 7 8 9 10 11 12 13 14 15 16 | 16.7

Action                   |  1- 3 |  4- 6 |  7- 9 | 10-12 | 13-15 | 16-18 | 19-21 | 22-24 || total
-------------------------+-------+-------+-------+-------+-------+-------+-------+-------++-------
Melee: Unarmed           |    70 |   176 |   428 |   812 |   633 |       |       |       ||  2119
       Bite              |     8 |    26 |    89 |   106 |   281 |   292 |   421 |   304 ||  1527
       Punch             |     5 |     9 |    51 |    80 |    62 |       |       |       ||   207
       Whip              |       |       |   196 |       |       |       |       |       ||   196
       Lajatang          |       |       |       |       |  1078 |  1936 |       |       ||  3014
       Double sword      |       |       |       |       |       |     9 |  2095 |  1255 ||  3359
       Demon whip        |       |       |       |       |       |       |    21 |       ||    21
       Dagger            |       |       |       |       |       |       |    12 |   143 ||   155
       Demon blade       |       |       |       |       |       |       |    37 |       ||    37
       Broad axe         |       |       |       |       |       |       |       |    28 ||    28
Throw: Dart              |     5 |       |    12 |    19 |    13 |    85 |    27 |     3 ||   164
 Cast: Stone Arrow       |       |       |       |     8 |    81 |    53 |       |     1 ||   143
       Sticky Flame      |       |       |       |       |    36 |       |       |       ||    36
       Wereblood         |       |       |       |       |     3 |       |       |       ||     3
       Blade Hands       |       |       |       |       |     1 |       |       |       ||     1
       Freezing Cloud    |       |       |       |       |       |       |     4 |     6 ||    10
       Irradiate         |       |       |       |       |       |       |     3 |       ||     3
       Silence           |       |       |       |       |       |       |       |     3 ||     3
       Passwall          |       |       |       |       |       |       |       |     2 ||     2
Invok: Heroism           |       |       |    14 |    26 |    45 |    37 |    47 |    35 ||   204
       Finesse           |       |       |       |     4 |     2 |     5 |     3 |       ||    14
 Abil: End Transformatio |       |       |       |       |     1 |       |       |       ||     1
Evoke: Wand              |       |       |       |     1 |    29 |     5 |     3 |     2 ||    40
  Use: Potion            |       |       |     8 |       |       |     2 |     3 |     8 ||    21
       Scroll            |       |       |       |     8 |    14 |     9 |    11 |     4 ||    46
 Stab: Sleeping          |     6 |     7 |     7 |    10 |    14 |    15 |    27 |     6 ||    92
       Distracted        |       |       |       |       |     4 |     2 |     4 |     5 ||    15
       Invisible         |       |       |       |       |       |     2 |       |       ||     2
       Confused          |       |       |       |       |       |       |       |     1 ||     1
Armor: Robe              |     5 |    18 |     9 |       |       |       |       |       ||    32
       Leather armour    |       |       |   214 |       |       |       |       |       ||   214
       Acid dragon scale |       |       |     6 |   184 |   669 |       |       |       ||   859
       Chain mail        |       |       |       |   258 |       |       |       |       ||   258
       Scale mail        |       |       |       |    80 |   205 |  1097 |  1169 |   873 ||  3424
Dodge: Dodged            |    43 |   100 |   541 |   614 |  1422 |  1186 |  1196 |   754 ||  5856
Block: Kite shield       |       |       |       |       |       |    31 |  1415 |   992 ||  2438
